 Dungeon Crawl Stone Soup version 0.26.0-45-g9c1d065592 (webtiles) character file.

Game seed: 3933791981017775489

9508 jlumianski the Cleaver (level 11, -6/98 HPs)
             Began as a Palentonga Fighter on Jan 30, 2021.
             Was an Elder of the Shining One.
             Mangled by an ogre
             ... wielding a +0 giant spiked club
              (28 damage)
             ... on level 11 of the Dungeon.
             The game lasted 00:47:15 (12380 turns).

jlumianski the Cleaver (Palentonga Fighter)        Turns: 12380, Time: 00:47:16

Health: -6/98      AC: 18    Str: 22    XL:     11   Next: 24%
Magic:  11/11      EV:  8    Int: 10    God:    the Shining One [****..]
Gold:   462        SH: 11    Dex: 13    Spells: 10/10 levels left

rFire    + . .     SeeInvis +   a - +1 war axe
rCold    . . .     Faith    .   c - +0 kite shield
rNeg     + + .     Spirit   .   b - +0 scale mail
rPois    .         Reflect  .   q - +0 helmet
rElec    .         Harm     .   k - +0 cloak
rCorr    +         Rampage  .   V - +0 pair of gloves
Will     .....                  (no barding)
Stlth    ..........             (no amulet)
HPRegen  0.00/turn              m - ring of resist corrosion
MPRegen  0.12/turn              w - ring of protection from fire

@: glowing, curled up
A: large, rugged brown scales 3, see invisible, agile 2, deformed body,
inhibited regeneration, roll 2, armoured tail, reflexive curl
a: Rolling Charge, Renounce Religion, Divine Shield, Cleansing Flame


You were on level 11 of the Dungeon.
You worshipped the Shining One.
The Shining One was greatly pleased with you.
You visited 2 branches of the dungeon, and saw 12 of its levels.

You collected 462 gold pieces.

Inventory:

Hand Weapons
 a - a +1 war axe (weapon)
 r - a +2 hunting sling of freezing
 F - a +2 dagger of electrocution
 O - a cursed +3 morningstar
 Q - the +2 spear "Vytte" {venom, rC+ Int+4}
   (You took it off an orc on level 8 of the Dungeon)

   It poisons the flesh of those it strikes.
   It affects your intelligence (+4).
   It protects you from cold.
 R - a +1 war axe of draining
Missiles
 g - 286 stones
 o - 62 poisoned darts (quivered)
 x - 8 javelins
 C - 6 curare-tipped darts
 D - 8 silver boomerangs
 K - 2 boomerangs
Armour
 b - a +0 scale mail (worn)
 c - a +0 kite shield (worn)
 k - a +0 cloak (worn)
 q - a +0 helmet (worn)
 J - a +0 plate armour
 V - a +0 pair of gloves (worn)
Jewellery
 m - a ring of resist corrosion (left hand)
 w - a ring of protection from fire (right hand)
Wands
 G - a wand of flame (50)
 I - a wand of paralysis (14)
 L - a wand of disintegration (6)
 U - a wand of iceblast (4)
Scrolls
 e - 8 scrolls of identify
 s - 2 scrolls of random uselessness
 u - a scroll of magic mapping
 v - a scroll of enchant weapon
 y - a scroll of teleportation
 A - a scroll of blinking {unknown}
 B - 3 scrolls of amnesia
 E - a scroll of immolation {unknown}
 H - a scroll of vulnerability {unknown}
 M - 2 scrolls of fog {unknown}
 P - 2 scrolls of remove curse {unknown}
 T - a scroll of enchant armour {unknown}
Potions
 d - a potion of might
 f - 4 potions of flight
 h - a potion of resistance {unknown}
 i - a potion of lignification
 j - a potion of haste
 l - 7 potions of curing
 n - 3 potions of heal wounds
 p - 2 potions of brilliance
 t - a potion of cancellation
 z - a potion of degeneration {unknown}
 N - a potion of attraction {unknown}
Miscellaneous
 S - a condenser vane


   Skills:
 + Level 7.4 Fighting
 + Level 11.5 Axes
 + Level 1.9 Throwing
 + Level 6.5 Armour
 + Level 3.2 Dodging
 + Level 0.9 Stealth
 + Level 6.7 Shields
 + Level 0.1 Invocations


You had 10 spell levels left.
You didn't know any spells.
Your spell library contained the following spells:

 Spells                   Type           Power        Failure   Level
 Beastly Appendage        Tmut           0%           83%         1
 Wereblood                Tmut           0%           92%         2
 Spider Form              Tmut/Pois      0%           99%         3
 Ice Form                 Ice/Tmut       0%           100%        4
 Blade Hands              Tmut           0%           100%        5


Dungeon Overview and Level Annotations

Branches:
Dungeon (11/15)            Temple (1/1) D:4
   Lair: D:8-11         Orc: D:9-12

Altars:
Ashenzari
Cheibriados
Dithmenos
Elyvilon
Fedhas
Gozag
Hepliaklqana
Kikubaaqudgha
Makhleb
Nemelex Xobeh
Okawaru
Qazlal
Ru
Sif Muna
Trog
Uskayaw
Vehumet
Wu Jian
Xom
Yredelemnul
The Shining One

Shops:
D:7 (=}=

Annotations:
D:5 exclusion: statue
D:10 2 transporters, thiole's ghost, journeyman OpVM


Innate Abilities, Weirdness & Mutations

You are completely covered in rugged brown scales. (AC +3, +7% HP)
You have supernaturally acute eyesight. (SInv)
Armour fits poorly on your strangely shaped body.
You can roll at foes to attack.
You have a long armoured tail.
You curl defensively after being hit.
You are very agile. (Dex +4)
You do not regenerate when monsters are visible.


Message History

You block the two-headed ogre's attack.
You hit the two-headed ogre.
The two-headed ogre is severely wounded.
You slash the steam dragon! You block the steam dragon's attack. x2
You block the two-headed ogre's attack.
The two-headed ogre hits you with a +0 dire flail.
You slash the two-headed ogre! You tail-slap the two-headed ogre.
The two-headed ogre is almost dead.
You hit the steam dragon. You block the steam dragon's attack. x2
The two-headed ogre hits you with a +0 giant club!!
* * * LOW HITPOINT WARNING * * *
The two-headed ogre barely misses you.
You hit the two-headed ogre.
The two-headed ogre is almost dead.
You slash the steam dragon!
You kill the steam dragon!
You slash the two-headed ogre!
You kill the two-headed ogre!
The ogre hits you with a +0 giant spiked club!!
You die...

#..................
#.....................
#.....................#
#...<.................#
#.....................###
#........................
#........................
#........................
#.............@O.........
#.................)(.....
#...............†>†.(....
#...............(........
#..........)..........(..
.....................
.....................
...<.................
........!........


You could see an ogre.

Vanquished Creatures
  4 two-headed ogres
  An ugly thing (D:10)
  Grinder (D:3)
  A steam dragon (D:11)
  8 yaks
  A water moccasin (D:8)
  An orc warrior (D:6)
  6 ice beasts
  2 sky beasts
  2 necrophages (D:8)
  3 phantoms
  7 centaurs
  3 ogres
  4 bullfrogs
  2 water moccasin zombies
  A wyvern zombie (D:6)
  2 scorpions
  9 killer bees
  12 wights (D:7)
  5 howler monkeys
  A centaur zombie (D:10)
  2 jellies
  A quasit (D:9)
  5 hounds
  A gnoll shaman (D:3)
  6 orc priests
  10 orc wizards
  2 iguanas
  7 worker ants
  Robin (D:2)
  A worker ant zombie (D:5)
  8 gnolls
  8 adders
  3 shadow imps
  A white imp (D:9)
  2 ufetubi
  An ooze (D:7)
  An adder zombie (D:6)
  A worm (D:2)
  3 dart slugs
  12 leopard geckos
  50 orcs
  4 giant cockroaches
  11 goblins
  10 hobgoblins
  8 jackals
  8 kobolds
  2 quokkas
  9 bats
  14 frilled lizards
  A leopard gecko zombie (D:8)
  A quokka skeleton (D:9)
  8 rats
278 creatures vanquished.

Vanquished Creatures (others)
  3 plants (D:5)
3 creatures vanquished.

Grand Total: 281 creatures vanquished

Notes
Turn   | Place    | Note
-------+----------+-------------------------------------------
     0 | D:1      | jlumianski the Palentonga Fighter began the quest for the
                  | Orb.
     0 | D:1      | Reached XP level 1. HP: 20/20 MP: 1/1
   212 | D:1      | Reached XP level 2. HP: 21/27 MP: 2/2
   634 | D:1      | Reached XP level 3. HP: 27/33 MP: 3/3
  1156 | D:2      | Noticed Robin
  1248 | D:2      | Killed Robin
  1253 | D:2      | Reached XP level 4. HP: 37/40 MP: 4/4
  1570 | D:3      | Found a sparkling altar of Nemelex Xobeh.
  1575 | D:3      | Reached skill level 3 in Axes
  1774 | D:3      | Found a shadowy altar of Dithmenos.
  1902 | D:3      | Found a sacrificial altar of Ru.
  1913 | D:3      | Reached XP level 5. HP: 48/48 MP: 5/5
  2621 | D:2      | Reached skill level 4 in Axes
  2668 | D:3      | Reached XP level 6. HP: 54/54 MP: 6/6
  2675 | D:4      | Found a staircase to the Ecumenical Temple.
  2689 | Temple   | Entered the Ecumenical Temple
  2945 | Temple   | Became a worshipper of the Shining One
  3072 | D:3      | Found a shimmering altar of Xom.
  3140 | D:3      | Noticed Grinder
  3149 | D:3      | Killed Grinder
  3150 | D:3      | Reached skill level 1 in Dodging
  3223 | D:3      | Found an iron altar of Okawaru.
  3438 | D:4      | Gained mutation: You curl defensively after being hit.
                  | [Palentonga growth]
  3438 | D:4      | Reached XP level 7. HP: 60/63 MP: 7/7
  3697 | D:3      | Reached skill level 5 in Axes
  4527 | D:4      | Reached skill level 6 in Axes
  4644 | D:4      | Reached XP level 8. HP: 64/70 MP: 8/8
  4823 | D:5      | Entered Level 5 of the Dungeon
  5141 | D:6      | Reached skill level 7 in Axes
  5817 | D:5      | Reached skill level 5 in Fighting
  5824 | D:5      | Found a radiant altar of Vehumet.
  6566 | D:6      | Found a blossoming altar of Fedhas.
  6602 | D:6      | Reached * piety under the Shining One
  6626 | D:6      | Reached skill level 8 in Axes
  6676 | D:6      | Reached XP level 9. HP: 71/79 MP: 9/9
  6741 | D:7      | Found Ymepen's Jewellery Shoppe.
  6741 | D:7      | Found Oheaqot's Jewellery Shoppe.
  7343 | D:7      | Found Tunourri's Gadget Shoppe.
  7343 | D:7      | Found Peolun's Antique Weapon Shoppe.
  7483 | D:8      | Reached skill level 9 in Axes
  7524 | D:7      | Reached skill level 5 in Shields
  7528 | D:7      | Reached ** piety under the Shining One
  7853 | D:7      | Reached skill level 5 in Armour
  8547 | D:8      | Identified the +2 spear "Vytte" {venom, rC+ Int+4}
  8553 | D:8      | Found a white marble altar of Elyvilon.
  8709 | D:8      | Reached skill level 10 in Axes
  8856 | D:8      | You fall into a shaft and drop 1 floor!
  9150 | D:8      | Reached XP level 10. HP: 88/88 MP: 10/10
  9406 | D:10     | Entered Level 10 of the Dungeon
  9406 | D:10     | Reached *** piety under the Shining One
  9542 | D:9      | Noticed a two-headed ogre
  9560 | D:9      | Killed a two-headed ogre
  9838 | D:9      | Noticed a two-headed ogre
  9859 | D:9      | Killed a two-headed ogre
  9860 | D:9      | Reached skill level 1 in Throwing
 10648 | D:10     | Found a transporter.
 10664 | D:10     | Found a transporter.
 10668 | D:10     | Noticed thiole's ghost (journeyman OpVM)
 10738 | D:11     | Noticed a purple ugly thing
 11050 | D:10     | Reached skill level 11 in Axes
 11420 | D:10     | Noticed a two-headed ogre
 11432 | D:10     | Killed a two-headed ogre
 11433 | D:10     | Reached XP level 11. HP: 15/98 MP: 11/11
 11858 | D:10     | Reached **** piety under the Shining One
 12015 | D:10     | Gained mutation: You do not regenerate when monsters are
                  | visible. [potion of mutation]
 12015 | D:10     | Gained mutation: You are somewhat resistant to further
                  | mutation. [potion of mutation]
 12016 | D:10     | Lost mutation: You are somewhat resistant to further
                  | mutation. [potion of mutation]
 12016 | D:10     | Gained mutation: You can roll at foes to attack. [potion of
                  | mutation]
 12016 | D:10     | Gained mutation: You are agile. (Dex +2) [potion of
                  | mutation]
 12016 | D:10     | Gained mutation: You are very agile. (Dex +4) [potion of
                  | mutation]
 12175 | D:10     | Killed a purple ugly thing
 12364 | D:11     | Noticed a two-headed ogre
 12377 | D:11     | Killed a two-headed ogre
 12380 | D:11     | Mangled by an ogre

Illustrated notes

Levels and vault maps discovered:
D:1:      sevenhm_arrival_forest_fort_small_4, layout_basic, nrook_campfire
D:2:      layout_basic, uniq_robin
D:3:      layout_rooms, nemelex_xobeh_ov_fountains_minmay,
          nicolae_ru_great_annihilating_truth, nicolae_overflow_hidden_temple,
          nicolae_dithmenos_through_a_glass_darkly, lemuel_tele_altar,
          uniq_grinder
D:4:      layout_gridville, minmay_temple_entry_proselytizer
D:5:      layout_layer_cave, vehumet_statue, minmay_lizard_king
D:6:      layout_gridville, lemuel_doored_altar
D:7:      layout_basic, kennysheep_donut, minmay_shop_grid_forest,
          hangedman_decor_clover_reticule, chequers_garden
D:8:      layout_loops_ring, elyvilon_altar_4
D:9:      layout_roguey, overflow_temple_1_default, dpeg_oklobed_lair,
          erik_orc_1
D:10:     layout_loops_cross, gammafunk_ghost_hive
D:11:     layout_long_grid, minmay_crystal_room
Temple:   eino_narrow_crystal_temple

Skill      XL: |  1  2  3  4  5  6  7  8  9 10 |
---------------+-------------------------------+-----
Armour         | 3 4 5 6 |  6.5
Axes           | 3 4 6 8 10 11 | 11.5
Shields        | 3 4 5 6 |  6.7
Dodging        | 1 2 3 |  3.2
Fighting       | 4 5 6 7 |  7.4
Throwing       | 1 |  1.9
Stealth        | |  0.9
Invocations    | |  0.1

Action                   |  1- 3 |  4- 6 |  7- 9 | 10-12 || total
-------------------------+-------+-------+-------+-------++-------
Melee: War axe           |   121 |   158 |   377 |   197 ||   853
       Tailslap          |     5 |    12 |    33 |    20 ||    70
Throw: Stone             |    10 |       |       |       ||    10
       Dart              |     2 |     1 |       |    15 ||    18
       Javelin           |       |       |     2 |       ||     2
Invok: Divine Shield     |       |       |       |     1 ||     1
 Abil: Rolling Charge    |    16 |    27 |    75 |    12 ||   130
  Use: Potion            |     1 |     4 |     2 |     2 ||     9
       Scroll            |     1 |     3 |     3 |     1 ||     8
 Stab: Paralysed         |       |     1 |       |       ||     1
Armor: Scale mail        |    68 |    81 |   125 |    63 ||   337
Dodge: Dodged            |    27 |    51 |    82 |    41 ||   201
Block: Kite shield       |    59 |   103 |   161 |   110 ||   433
